 Dungeon Crawl Stone Soup version 0.27.0-1-g7a089689b8 (webtiles) character file.

Game seed: 6826712843884026750

23 ZARRMARR the Conjurer (level 2, -3/20 HPs)
             Began as a Draconian Conjurer on Aug 2, 2021.
             Killed from afar by Natasha (10 damage)
             ... with a puff of flame
             ... on level 2 of the Dungeon.
             The game lasted 00:02:33 (977 turns).

ZARRMARR the Conjurer (Draconian Conjurer)           Turns: 977, Time: 00:02:34

Health: -3/20      AC:  5    Str:  9    XL:     2   Next: 75%
Magic:  5/5        EV: 12    Int: 18    God:
Gold:   67         SH:  0    Dex:  9    Spells: 4/5 levels left

rFire    . . .     SeeInvis .   a - +0 falchion
rCold    . . .     Faith    .   (no shield)
rNeg     . . .     Spirit   .   (armour unavailable)
rPois    .         Reflect  .   h - +1 hat
rElec    .         Harm     .   (no cloak)
rCorr    .         Rampage  .   (no gloves)
Will     .....                  (no boots)
Stlth    ++........             (no amulet)
HPRegen  0.06/turn              (no ring)
MPRegen  0.09/turn              (no ring)

@: no status effects
A: AC +4, unfitting armour, cold-blooded
a: no special abilities


You were on level 2 of the Dungeon.
You visited 1 branch of the dungeon, and saw 2 of its levels.

You collected 67 gold pieces.

Inventory:

Hand Weapons
 a - a +0 falchion (weapon)
Missiles
 d - 49 stones
 g - 16 poisoned darts (quivered)
Armour
 h - a +1 hat (worn)
Scrolls
 b - a scroll of teleportation {unknown}
 e - a scroll of noise {unknown}
 i - a scroll of identify {unknown}
Potions
 c - a potion of degeneration {unknown}
 f - a potion of might {unknown}
 j - a potion of curing {unknown}
 k - a potion of attraction {unknown}


   Skills:
 + Level 1.7 Dodging
 + Level 1.7 Stealth
 + Level 2.3 Spellcasting
 + Level 4.6 Conjurations


You had 4 spell levels left.
You knew the following spells:

 Your Spells              Type           Power      Damage    Failure   Level
a - Magic Dart            Conj           72%        1d6       2%          1

Your spell library contained the following spells:

 Spells                   Type           Power      Damage    Failure   Level
 Searing Ray              Conj           36%        3d4       4%          2
 Dazzling Flash           Conj/Hex       20%        N/A       21%         3
 Fulminant Prism          Conj/Hex       5%         3d7       56%         4
 Iskenderun's Mystic Bla  Conj/Tloc      10%        2d4       56%         4


Dungeon Overview and Level Annotations

Branches:
Dungeon (2/15)

Altars:

Annotations:
D:2 Natasha


Innate Abilities, Weirdness & Mutations

Your plain brown scales are hard. (AC +4)
You cannot fit into any form of body armour.
You are cold-blooded and may be slowed by cold attacks.


Message History

You kill the endoplasm!
There is a stone staircase leading up here.
Natasha, Servant of Life and Death comes into view.
She is carrying a wand of flame (12).
Found 27 stones.
The helpless quokka fails to defend itself.
You hit the quokka.
The quokka is severely wounded.
Natasha hisses angrily.
The quokka bites you but does no damage.
You miss the quokka.
The quokka is severely wounded.
The quokka bites you but does no damage.
The quokka barely misses you.
You barely miss the quokka.
The quokka is heavily wounded.
The quokka bites you but does no damage.
You hit the quokka but do no damage.
The quokka is heavily wounded.
The quokka bites you.
Natasha mumbles some strange words.
The quokka closely misses you.
You miss the quokka.
The quokka is heavily wounded.
The quokka bites you. x2
You barely miss the quokka.
The quokka is heavily wounded.
The quokka misses you.
You hit the quokka but do no damage.
The quokka is moderately wounded.
The quokka bites you but does no damage.
The white imp spits at you.
Natasha growls.
The quokka barely misses you.
You hit the quokka.
You kill the quokka!
Natasha zaps a wand.
The puff of flame hits you.
* * * LOW HITPOINT WARNING * * *
Natasha zaps a wand.
The puff of flame hits you!
Ouch! That really hurt!
You die...

#.# #.# #
####.#
#.#....#
#......#
#....# #.# #
####(#<####.#
..........@h5#
#####..#######
#.. #.. #..
#.. #..


You could see Natasha and a white imp (summoned).

Vanquished Creatures
  4 endoplasms
  A giant cockroach (D:1)
  3 goblins (D:1)
  2 hobgoblins (D:1)
  3 quokkas
  A ball python (D:1)
  2 frilled lizards (D:1)
  3 kobolds (D:1)
  2 rats (D:1)
21 creatures vanquished.

Notes
Turn   | Place    | Note
-------+----------+-------------------------------------------
     0 | D:1      | ZARRMARR the Draconian Conjurer began the quest for the
                  | Orb.
     0 | D:1      | Reached XP level 1. HP: 14/14 MP: 3/3
   308 | D:1      | Reached XP level 2. HP: 20/20 MP: 0/5
   967 | D:2      | Noticed Natasha
   977 | D:2      | Killed from afar by Natasha

Illustrated notes

Levels and vault maps discovered:
D:1:      dpeg_arrival_water_temple_mockup, layout_basic, minmay_misc_feat_rows
D:2:      layout_loops_ring, serial_shops, shop, nicolae_shop_trees,
          ebering_ecumenical_altar_rust, basic_altar, uniq_natasha

Action                   || total
-------------------------++-------
Melee: Falchion          ||    24
       Tailslap          ||     1
Throw: Dart              ||     4
 Cast: Magic Dart        ||    25
 Stab: Sleeping          ||     1
Armor: Skin              ||     7
Dodge: Dodged            ||    18
       Rpst.: Falchion   ||     3
